AoeStats
← [GDL] Maldito Pantoja

Arabia

508478142Analyzed
4v4 RM · 10d ago on Sep 22, 2026· 49m 13s· 8 players
Game mode
Random Map
Map size
Large (8 player)
Population
200
Speed
Normal
Resources
Standard
Victory
Conquest
Starting age
Dark Age
Ending age
Imperial Age
RankedLock teamsTeams togetherTeam positionsShared explorationLock speedFull tech treeHidden civsTurbo modeCheats
Victory
Defeat
🇩🇪 Varangians · Germany
1222
+14
🇲🇽 Saracens · Mexico
1201
+15
🇬🇧 Gurjaras · United Kingdom
1174
+16
🇬🇹 Bulgarians · Guatemala
1126
+17
🇹🇼 Khmer · Taiwan
1221
-18
🇨🇳 Cumans · China
1217
-17
🇺🇸 Ethiopians · United States
1125
-14
🇹🇼 Varangians · Taiwan
1110
-13
CazadorGT
7:41 Loom
10:41 Feudal Age
13:10 Forging
14:15 Fletching
23:41 Castle Age
21:43 Double-Bit Axe
22:20 Scale Barding Armor
22:06 Horse Collar
25:11 Iron Casting
25:39 Bloodlines
25:27 Bodkin Arrow
25:50 Stone Mining
39:34 Wheelbarrow
45:55 Imperial Age
44:37 Chain Barding Armor
zachhalil
6:44 Loom
10:27 Feudal Age
10:52 Horse Collar
11:00 Double-Bit Axe
20:51 Castle Age
19:42 Scale Barding Armor
22:34 Husbandry
23:30 Heavy Plow
25:43 Wheelbarrow
26:04 Chain Barding Armor
30:31 Bloodlines
30:32 Gold Mining
30:47 Stone Mining
33:56 Forging
34:32 Town Watch
36:31 Iron Casting
42:39 Imperial Age
40:25 Hand Cart
40:03 Fletching
40:14 Scale Mail Armor
41:52 Gold Shaft Mining
41:57 Stone Shaft Mining
43:57 Plate Barding Armor
42:50 Heavy Camel Rider
43:29 Heavy Camel Rider
47:03 Conscription
[GDL] Maldito Pantoja
7:01 Loom
10:14 Feudal Age
15:08 Fletching
22:11 Padded Archer Armor
24:38 Castle Age
23:10 Double-Bit Axe
23:36 Gold Mining
24:40 Crossbowman
25:20 Bodkin Arrow
29:23 Leather Archer Armor
33:43 Horse Collar
36:40 Wheelbarrow
36:46 Stone Mining
37:31 Gold Shaft Mining
43:38 Imperial Age
41:29 Bow Saw
41:20 Heavy Plow
42:03 Bloodlines
41:53 Husbandry
42:19 Forging
42:14 Scale Barding Armor
42:37 Hand Cart
43:34 Iron Casting
44:45 Conscription
45:43 Chain Barding Armor
46:01 Town Watch
46:53 Plate Barding Armor
48:06 Blast Furnace
47:27 Elite Mameluke
48:27 Bracer
48:36 Thumb Ring
47:55 Arbalester
49:19 Ring Archer Armor
49:36 Town Patrol
50:38 Two-Man Saw
sauer82
6:46 Loom
9:54 Feudal Age
10:22 Double-Bit Axe
10:48 Horse Collar
19:28 Castle Age
17:29 Gold Mining
22:27 Bloodlines
22:33 Forging
22:29 Scale Barding Armor
22:27 Stone Mining
26:50 Wheelbarrow
28:40 Chain Barding Armor
30:55 Vendel Legacy
36:49 Imperial Age
36:14 Bow Saw
36:16 Husbandry
37:21 Iron Casting
36:52 Cavalier
38:53 Plate Barding Armor
40:06 Blast Furnace
41:17 Scale Mail Armor
41:21 Squires
44:51 Conscription
44:23 Arson
43:59 Elite Varangian Guard
45:01 Chain Mail Armor
职业杀猪
0:28 Loom
11:06 Feudal Age
16:38 Double-Bit Axe
17:37 Horse Collar
17:59 Fletching
20:38 Gold Mining
24:18 Castle Age
22:31 Stone Mining
25:40 Bow Saw
28:25 Imperial Age
26:12 Bodkin Arrow
27:44 Heavy Plow
30:38 Chemistry
29:59 Ballistics
33:37 Two-Man Saw
34:07 Wheelbarrow
33:18 Town Watch
35:11 Padded Archer Armor
37:09 Leather Archer Armor
37:07 Bloodlines
37:41 Gold Shaft Mining
38:39 Elite Kipchak
44:26 Hand Cart
44:12 Town Patrol
小佑
7:25 Loom
10:16 Feudal Age
10:43 Horse Collar
10:50 Double-Bit Axe
20:28 Wheelbarrow
23:03 Castle Age
21:10 Stone Mining
22:59 Bloodlines
23:03 Forging
22:58 Scale Barding Armor
24:26 Bow Saw
24:19 Heavy Plow
25:18 Husbandry
27:17 Iron Casting
27:02 Chain Barding Armor
28:31 Chain Barding Armor
29:08 Fletching
38:12 Vendel Legacy
39:15 Town Watch
50:39 Imperial Age
飛衫走奶
6:02 Loom
9:34 Feudal Age
10:13 Double-Bit Axe
12:51 Horse Collar
14:09 Forging
16:13 Scale Barding Armor
17:31 Wheelbarrow
18:32 Bloodlines
23:00 Castle Age
24:04 Hand Cart
23:16 Light Cavalry
23:57 Husbandry
24:34 Iron Casting
24:17 Bow Saw
26:52 Chain Barding Armor
27:24 Heavy Plow
30:21 Gold Mining
30:31 Stone Mining
30:58 Scale Mail Armor
35:47 Imperial Age
35:53 Imperial Age
34:22 Gold Shaft Mining
36:43 Fletching
37:54 Blast Furnace
42:59 Hussar
45:52 Conscription
46:08 Pikeman
47:03 Halberdier
Lễ Hội
7:48 Loom
10:54 Feudal Age
17:49 Double-Bit Axe
18:36 Horse Collar
19:32 Fletching
26:49 Castle Age
30:41 Castle Age
30:51 Crossbowman
31:29 Bodkin Arrow
32:34 Elite Skirmisher
35:49 Padded Archer Armor
38:02 Heavy Plow
38:50 Gold Mining
41:04 Thumb Ring
41:21 Leather Archer Armor
47:17 Imperial Age
47:28 Ballistics
48:06 Bracer
47:28 Arbalester
49:13 Chemistry
Connection lost

Rejoining the realm…

Still unreachable

The connection could not be restored.

Session expired

The server has moved on; the page needs a fresh start.